 Dungeon Crawl Stone Soup version 0.30-a0-879-ga8ba668304 (webtiles) character file.

Game seed: 10235037674761124841

73082 Newt the Markskobold (level 15, -14/86 HPs)
             Began as a Kobold Hunter on Mar 13, 2023.
             Was a High Priest of Hepliaklqana.
             Killed by the raging water
             ... invoked by a water nymph
              (42 damage)
             ... on level 1 of the Shoals.
             The game lasted 00:30:35 (23702 turns).

Newt the Markskobold (Kobold Hunter)               Turns: 23702, Time: 00:30:36

Health: -14/86     AC: 12    Str:  9    XL:     15   Next: 88%
Magic:  28/32      EV: 36    Int: 18    God:    Hepliaklqana [*****.]
Gold:   3130       SH: 14    Dex: 33    Spells: 24/30 levels left

rFire   + . .      SeeInvis +    V - +6 sling of Ascent {heavy, rElec Dex+3 SInv}
rCold   . . .      Faith    +    X - +0 kite shield
rNeg    . . .      Spirit   .    c - +1 robe of Trial and Error {Harm Int+3 Stlth-}
rPois   .          Reflect  .    x - +2 helmet
rElec   +          Rampage  .    F - +1 cloak of Nucodin {-Tele Will- Int+3 Dex+8}
rCorr   .          NoTele   +    (no gloves)
Will    +....      Harm     + .  W - +1 pair of boots of the Blizzard {Fly Dex+3}
Stlth   +++                      v
                                   - Hermit's Pendant {Faith Invo=14 Evo=0 MP+5}
HPRegen 0.34/turn                T - ring "Guanwism" {rF+ EV+5 Dex-5 Slay+2 SInv}
MPRegen 0.23/turn                B - ring of willpower

@: portalling projectiles, flying, studying Armour
A: reduced essence, small, no large weapons, nightstalker 3
a: Renounce Religion, Recall Ancestor, Ancestor Identity, Transference, Idealise


You were on level 1 of the Shoals.
You worshipped Hepliaklqana.
Hepliaklqana was extremely pleased with you.
You visited 5 branches of the dungeon, and saw 19 of its levels.
You also visited: Bailey and Volcano.

You collected 3525 gold pieces.
You spent 395 gold pieces at shops.

Inventory:

Hand Weapons
 a - a +7 shortbow of freezing
 y - a +0 giant club
 V - the +6 sling of Ascent (weapon) {heavy, rElec Dex+3 SInv}
   (You acquired it on level 9 of the Dungeon)

   Dex:       It affects your dexterity (+3).
   rElec:     It insulates you from electricity.
   SInv:      It lets you see invisible.
 Y - a +0 hand crossbow of flaming
Missiles
 d - 4 throwing nets
Armour
 c - the +1 robe of Trial and Error (worn) {Harm Int+3 Stlth-}
   (You bought it in a shop on level 2 of the Orcish Mines)

   Int:       It affects your intelligence (+3).
   Harm:      It increases damage dealt and taken.
   Stlth:     It makes you less stealthy.
 s - a +2 robe
 x - a +2 helmet (worn)
 E - the +4 chain mail "Okeneax" {rPois Regen+}
   (You bought it in a shop on level 2 of the Orcish Mines)

   rPois:     It protects you from poison.
   Regen:     It increases your rate of health regeneration.
 F - the +1 cloak of Nucodin (worn) {-Tele Will- Int+3 Dex+8}
   (You found it on level 8 of the Dungeon)

   Int:       It affects your intelligence (+3).
   Dex:       It affects your dexterity (+8).
   -Tele:     It prevents most forms of teleportation.
   Will:      It decreases your willpower.
 W - the +1 pair of boots of the Blizzard (worn) {Fly Dex+3}
   (You acquired it on level 9 of the Dungeon)

   Dex:       It affects your dexterity (+3).
   Fly:       It grants you flight.
 X - a +0 kite shield (worn)
Jewellery
 i - an amulet of regeneration
 t - a ring of resist corrosion
 u - an amulet of magic regeneration
 v - the Hermit's Pendant (around neck) {Faith Invo=14 Evo=0 MP+5}
   (You found it on level 4 of the Dungeon)

   [amulet of faith]

   Invo=14: It sets your Invocations skill to 14.
   Evo=0: It sets your Evocations skill to 0.
   It allows you to gain divine favour quickly.
   MP:        It affects your magic capacity (+5).
 B - a ring of willpower (right hand)
 G - the macabre finger necklace {Finger+ rN+}
   (You found it in a bailey)

   [amulet of nothing]

   Finger+:   It enables you to equip an extra ring.
   rN:        It protects you from negative energy.
 K - a ring of poison resistance
 M - a ring of positive energy
 T - the ring "Guanwism" (left hand) {rF+ EV+5 Dex-5 Slay+2 SInv}
   (You acquired it on level 5 of the Lair of Beasts)

   [ring of evasion]

   EV:        It affects your evasion (+5).
   Dex:       It affects your dexterity (-5).
   Slay:      It affects your accuracy & damage with ranged weapons and melee
   (+2).
   rF:        It protects you from fire.
   SInv:      It lets you see invisible.
Wands
 n - a wand of digging (6)
 q - a wand of flame (23)
 O - a wand of paralysis (6)
 Q - a wand of iceblast (9)
Scrolls
 e - 2 scrolls of fear
 h - 2 scrolls of identify
 k - 10 scrolls of teleportation
 o - 2 scrolls of blinking
 r - a scroll of acquirement
 w - 2 scrolls of amnesia
 D - 5 scrolls of magic mapping
 N - 2 scrolls of enchant armour
 P - a scroll of enchant weapon
 U - a scroll of fog
Potions
 b - a potion of invisibility
 f - 2 potions of brilliance
 g - 3 potions of mutation
 j - 4 potions of flight
 l - 4 potions of cancellation
 m - 4 potions of haste
 p - 7 potions of lignification
 z - a potion of heal wounds
 C - 6 potions of curing
 S - a potion of berserk rage
Miscellaneous
 J - a lightning rod (4/4)


   Skills:
 - Level 12.0 Fighting
 - Level 18.0 Ranged Weapons
 - Level 10.0 Armour
 - Level 14.0 Dodging
 - Level 1.3 Stealth
 + Level 6.3 Shields
 - Level 8.0 Spellcasting
 - Level 8.0 Hexes
 - Level 8.0 Translocations


You had 24 spell levels left.
You knew the following spells:

 Your Spells              Type           Power      Damage    Failure   Level
a - Portal Projectile     Hex/Tloc       72%        N/A       4%          3
b - Tukima's Dance        Hex            36%        N/A       4%          3

Your spell library contained the following spells:

 Spells                   Type           Power      Damage    Failure   Level
 Apportation              Tloc           72%        N/A       1%          1
 Magic Dart               Conj           28%        1d4       36%         1
 Necrotise                Necr           28%        1d5       36%         1
 Sandblast                Erth           14%        2d6       36%         1
 Summon Small Mammal      Summ           28%        N/A       36%         1
 Call Imp                 Summ           7%         N/A       52%         2
 Cigotuvi's Dreadful Rot  Necr/Pois/Air  14%        N/A       52%         2
 Passwall                 Tmut/Erth      5%         N/A       52%         2
 Sublimation of Blood     Necr           7%         N/A       52%         2
 Anguish                  Hex/Necr       10%        N/A       58%         4
 Iskenderun's Mystic Bla  Conj/Tloc      21%        2d6       58%         4
 Hailstorm                Conj/Ice       7%         3d4       75%         3
 Mephitic Cloud           Conj/Pois/Air  7%         N/A       75%         3
 Stone Arrow              Conj/Erth      14%        3d7       75%         3
 Vampiric Draining        Necr           7%         2d6       75%         3
 Dispel Undead            Necr           7%         3d8       98%         4
 Ice Form                 Ice/Tmut       7%         N/A       98%         4
 Petrify                  Tmut/Erth      7%         N/A       98%         4
 Blade Hands              Tmut           3%         N/A       100%        5
 Irradiate                Conj/Tmut      3%         3d12      100%        5
 Death Channel            Necr           3%         N/A       100%        6
 Simulacrum               Ice/Necr       3%         N/A       100%        6
 Malign Gateway           Summ/Tloc      10%        N/A       100%        7
 Borgnjor's Revivificati  Necr           3%         N/A       100%        8
 Discord                  Hex            18%        N/A       100%        8
 Death's Door             Necr           3%         N/A       100%        9


Dungeon Overview and Level Annotations

Branches:
Dungeon (10/15)            Temple (1/1) D:5            Lair (5/5) D:8
 Shoals (1/4) Lair:2       Spider (0/4) Lair:3        Slime (0/5) Lair:4
    Orc (2/2) D:9             Elf (0/3) Orc:2        Bailey (visited)
Volcano (visited)

Altars:
Ashenzari
Cheibriados
Dithmenos
Elyvilon
Fedhas
Gozag
Hepliaklqana
Kikubaaqudgha
Makhleb
Nemelex Xobeh
Qazlal
Ru
Sif Muna
Trog
Uskayaw
Vehumet
Wu Jian
Xom
Yredelemnul
Zin
The Shining One
Jiyva

Shops:
D:5 *   D:8 (   Orc:2 :[*(

Annotations:
D:4 1 runed translucent door, mandoloar's ghost, amateur GnFi


Innate Abilities, Weirdness & Mutations

Your life essence is reduced to manifest your ancestor. (-10% HP)
You are small and have problems with some larger weapons.
You are completely attuned to the shadows.


Message History

You feel your willpower return.
You are no longer glowing.
You swap places.
Found 4 stones.
You now have 3130 gold pieces (gained 9).
Things that are here:
a +0 sling; a +0 spear
Found 7 stones.
You see here 4 stones.
You see here 7 stones.
Key pressed, stopping explore.
No target in view!
No target in view!
Key pressed, stopping explore.
Key pressed, stopping explore.
Key pressed, stopping explore.
A water nymph comes into view.
The water nymph shouts!
The water nymph gestures at you while chanting.
The water rises up and strikes you!!!
Ouch! That really hurt!
A water nymph is nearby!
A water nymph is nearby!
A water nymph is nearby!
Unknown command.
Casting: Portal Projectile (mildly dangerous; 4% risk of failure)
Confirm with . or Enter, or press ? or * to list all spells.
You begin teleporting projectiles to their destination.
The water nymph gestures at you while chanting.
The water rises up and strikes you!
Unknown command.
You are too injured to fight recklessly!
Unknown command.
Fire: V) +6 sling of Ascent {heavy, rElec Dex+3 SInv}
Press: ? - help, Shift-Dir - straight line, f - water nymph
Aim: a water nymph (78% to hit)
You magically shoot a sling bullet.
The sling bullet hits the water nymph!
The water nymph is heavily wounded.
The water nymph points at you and mumbles some strange words.
The water rises up and strikes you!!
You die...

###################
#≈≈≈≈≈≈≈≈≈≈≈≈≈≈≈≈≈≈
#≈≈≈≈≈≈≈≈≈≈≈≈≈≈≈≈≈≈
#≈≈≈≈≈≈≈≈≈≈≈≈≈≈≈≈≈≈
#≈≈≈≈≈≈≈≈≈≈≈≈≈@≈≈≈≈
#≈≈≈≈≈≈≈≈≈≈≈≈≈R≈≈≈≈
#≈≈≈≈≈≈≈≈≈≈≈≈≈≈≈≈≈≈
#≈≈≈≈≈≈≈≈≈≈≈≈≈≈≈≈≈≈
#≈≈≈≈≈≈≈≈≈≈≈≈≈≈≈≈≈m
#≈≈≈≈≈≈≈ #≈≈≈≈≈≈≈
#≈≈≈≈≈≈≈ #≈≈≈≈≈≈≈


You could see the friendly Citlalmina the knight and a water nymph (ally
target).

Vanquished Creatures
  3 dire elephants (Lair:5)
  A merfolk impaler (Shoals:1)
  2 boulder beetles
  4 hydras
  4 death yaks
  A satyr (Shoals:1)
  An orc high priest (Orc:2)
  Nergalle (Orc:2)
  2 spectral death yaks (Lair:5)
  A sea snake (Shoals:1)
  A spectral anaconda (Lair:5)
  A wizard (D:10)
  An obsidian statue (Lair:5)
  2 orc knights
  2 necromancers (Lair:5)
  An orc sorcerer (Orc:2)
  3 deep elf pyromancers (Volcano)
  4 fauns (Shoals:1)
  2 manticores (Shoals:1)
  A merfolk siren (Lair:2)
  Maurice (Orc:1)
  10 elephants
  5 black mambas
  9 cane toads
  8 komodo dragons
  4 kobold demonologists (D:9)
  4 rime drakes
  5 trolls
  The ghost of Axe the Ruffian, an amateur MiCK of Xom (D:5)
  A wind drake (Shoals:1)
  6 merfolk (Shoals:1)
  6 dream sheep
  Grinder (D:3)
  3 polar bears
  2 spectral elephants (Lair:5)
  20 blink frogs
  A shadow (D:10)
  A dire elephant simulacrum (Lair:5)
  3 wyverns
  5 fire elementals (Volcano)
  4 culicivoras (Lair:3)
  A spriggan (Lair:2)
  5 basilisks
  28 yaks
  A steam dragon (D:5)
  A wraith (D:9)
  A death yak simulacrum (Lair:5)
  Menkaure (D:5)
  2 spectral cane toads (Lair:5)
  2 acid dragons (D:9)
  5 hell hounds (Volcano)
  11 water moccasins
  Duvessa (D:4)
  A swamp drake (Lair:4)
  2 black bears
  An ice beast (D:5)
  3 elephant zombies (Lair:5)
  24 orc warriors
  11 wolves
  7 ogres
  2 phantoms (D:5)
  8 centaurs
  A kobold brigand (D:9)
  12 bullfrogs
  2 scorpions (D:6)
  A gnoll sergeant (D:9)
  A cane toad simulacrum (Lair:5)
  3 wights (D:7)
  Dowan (D:4)
  9 killer bees
  An elephant simulacrum (Lair:5)
  3 howler monkeys
  6 electric eels
  7 hounds
  A jelly (D:5)
  13 orc priests
  A gnoll bouda (D:7)
  A sleepcap (D:6)
  Jessica (D:2)
  11 iguanas
  16 orc wizards
  Robin (D:4)
  11 gnolls
  11 adders
  2 white imps
  3 ufetubi
  5 worms
  3 dart slugs
  75 orcs
  3 ball pythons (D:4)
  9 endoplasms
  5 giant cockroaches
  17 goblins
  8 hobgoblins
  4 jackals
  14 kobolds
  4 quokkas
  5 bats
  14 frilled lizards
  4 rats
545 creatures vanquished.

Vanquished Creatures (collateral kills)
  Jorgrun (Orc:1)
  Gastronok (Lair:1)
  An orc warlord (Orc:2)
  2 death yaks (Lair:5)
  3 skysharks
  A deep elf archer (Volcano)
  A necromancer (Lair:5)
  A deep elf pyromancer (Volcano)
  An orc sorcerer (Orc:2)
  2 orc knights (Orc:2)
  A faun (Shoals:1)
  A black mamba (Lair:4)
  A cane toad (Lair:4)
  A dire elephant skeleton (Lair:5)
  A komodo dragon (Lair:3)
  3 merfolk
  2 trolls (Orc:2)
  2 blink frogs
  A wyvern (D:9)
  2 yaks
  A fire elemental (Volcano)
  A warg (Orc:2)
  A small abomination (D:10)
  A hell hound (Volcano)
  2 water moccasins
  14 orc warriors
  2 black bears
  2 ogres
  An elephant skeleton (Lair:5)
  A centaur (Bailey)
  A phantom (D:6)
  A bullfrog (Lair:1)
  A gnoll sergeant (D:6)
  2 wights (D:7)
  A killer bee (D:8)
  A jelly (D:6)
  An orc priest (Orc:2)
  2 iguanas
  A sleepcap (D:7)
  6 orc wizards
  A gnoll (D:7)
  An ufetubus (D:7)
  21 orcs
  A kobold (D:9)
  A frilled lizard (Lair:4)
  2 butterflies (Lair:2)
99 creatures vanquished.

Vanquished Creatures (others)
  7 knights
  2 ancestors
  An orc (Orc:1)
  A frilled lizard (Lair:4)
  34 fungi
  48 plants
  22 withered plants (Lair:5)
115 creatures vanquished.

Grand Total: 759 creatures vanquished

Notes
Turn   | Place    | Note
-------+----------+-------------------------------------------
     0 | D:1      | Newt the Kobold Hunter began the quest for the Orb.
     0 | D:1      | Reached XP level 1. HP: 12/12 MP: 1/1
    65 | D:1      | Reached XP level 2. HP: 17/18 MP: 2/2
   225 | D:1      | Found a faded altar of an unknown god.
   557 | D:1      | Reached XP level 3. HP: 23/23 MP: 3/3
   734 | D:2      | Noticed Jessica
   748 | D:2      | Killed Jessica
   749 | D:2      | Reached XP level 4. HP: 21/30 MP: 4/4
  1164 | D:2      | Reached skill level 5 in Fighting
  1444 | D:2      | Reached XP level 5. HP: 27/35 MP: 5/5
  1498 | D:2      | Reached skill level 6 in Ranged Weapons
  2478 | D:3      | Noticed Grinder
  2609 | D:3      | Killed Grinder
  2610 | D:3      | Reached skill level 8 in Ranged Weapons
  2610 | D:3      | Reached XP level 6. HP: 25/40 MP: 6/6
  2610 | D:3      | Reached XP level 7. HP: 27/44 MP: 7/7
  2936 | D:3      | Found a faded altar of an unknown god.
  2938 | D:3      | Found a hide-covered altar of Uskayaw.
  3417 | D:4      | Reached skill level 9 in Ranged Weapons
  3425 | D:4      | HP: 1/44 [iguana (13)]
  3498 | D:4      | Noticed Dowan
  3498 | D:4      | Found the Hermit's Pendant {Faith Invo=14 Evo=0 MP+5}
  3499 | D:4      | Noticed Duvessa
  3528 | D:4      | Killed Duvessa
  3534 | D:4      | Killed Dowan
  3535 | D:4      | Reached skill level 10 in Ranged Weapons
  3725 | D:4      | Noticed Robin
  3732 | D:4      | Killed Robin
  3780 | D:4      | Found a runed translucent door.
  3780 | D:4      | Noticed mandoloar's ghost (amateur GnFi)
  4181 | D:4      | Found a glowing silver altar of Zin.
  4181 | D:4      | Noticed an angel
  4352 | D:5      | Entered Level 5 of the Dungeon
  4680 | D:5      | Reached XP level 8. HP: 41/49 MP: 8/8
  4684 | D:5      | Reached skill level 5 in Dodging
  4991 | D:5      | Reached skill level 11 in Ranged Weapons
  5114 | D:5      | Noticed Menkaure
  5119 | D:5      | Killed Menkaure
  5158 | D:5      | Found Pidghoihe's Overcharged Wands.
  5234 | D:5      | Found a shadowy altar of Dithmenos.
  5326 | D:5      | Found a staircase to the Ecumenical Temple.
  5333 | Temple   | Entered the Ecumenical Temple
  5437 | Temple   | Became a worshipper of Hepliaklqana the Forgotten
  5516 | D:5      | Reached skill level 12 in Ranged Weapons
  5516 | D:5      | Reached XP level 9. HP: 54/54 MP: 9/9
  5728 | D:5      | Found a runed translucent door.
  5806 | D:5      | Noticed Axe's ghost (amateur MiCK)
  5876 | D:5      | Killed Axe's ghost
  5877 | D:5      | Reached skill level 13 in Ranged Weapons
  6242 | D:6      | Reached skill level 14 in Ranged Weapons
  6324 | D:6      | Reached * piety under Hepliaklqana
  6422 | D:6      | Found a radiant altar of Vehumet.
  6425 | D:6      | Found a snail-covered altar of Cheibriados.
  6623 | D:6      | Reached XP level 10. HP: 53/57 MP: 20/20
  7810 | D:7      | Identified the +1 ring mail "Saronwar" {Int+5}
  8172 | D:7      | Reached ** piety under Hepliaklqana
  8173 | D:7      | Remembered your ancestor Citlalmina as a knight
  8493 | D:7      | Identified the +4 rapier "Teuptoj" {speed, rN+}
  8671 | D:8      | Found Fauceovo's Antique Weapon Shop.
  8741 | D:8      | Identified the +1 cloak of Nucodin {-Tele Will- Int+3
                  | Dex+8}
  8785 | D:8      | Found a basalt altar of Yredelemnul.
  8871 | D:8      | Found a staircase to the Lair.
  9394 | D:8      | Reached skill level 10 in Dodging
  9578 | D:9      | Found a flagged portal.
  9584 | Bailey   | Entered a bailey
  9659 | Bailey   | Reached *** piety under Hepliaklqana
  9728 | Bailey   | Found the macabre finger necklace {Finger+ rN+}
  9785 | Bailey   | Reached skill level 15 in Ranged Weapons
 10064 | Bailey   | Reached XP level 11. HP: 61/61 MP: 21/21
 10469 | D:9      | Reached skill level 16 in Ranged Weapons
 10575 | D:9      | Reached skill level 17 in Ranged Weapons
 10605 | D:9      | HP: 1/61 [red devil/+0 demon trident[a kobold demonologist]
                  | (12)]
 10826 | D:9      | Found a staircase to the Orcish Mines.
 10966 | D:9      | Got the Elucidation of Elliptic Maleficia
 11211 | D:10     | Entered Level 10 of the Dungeon
 11550 | D:10     | Reached **** piety under Hepliaklqana
 11832 | D:10     | Noticed a wizard
 11838 | D:10     | Killed a wizard
 11839 | D:10     | Reached skill level 18 in Ranged Weapons
 11845 | D:10     | Noticed a large abomination
 11845 | D:10     | Noticed a large abomination
 11991 | Lair:1   | Entered Level 1 of the Lair of Beasts
 12001 | Lair:1   | Reached skill level 1 in Spellcasting
 12001 | Lair:1   | Reached skill level 1 in Hexes
 12001 | Lair:1   | Reached skill level 1 in Translocations
 12227 | Lair:1   | Reached XP level 12. HP: 65/65 MP: 22/22
 12293 | Lair:1   | Learned a level 3 spell: Portal Projectile
 12304 | Lair:1   | Noticed Gastronok
 12313 | Lair:1   | Killed Gastronok
 12903 | Lair:2   | Reached skill level 5 in Hexes
 12903 | Lair:2   | Reached skill level 5 in Translocations
 12949 | Lair:2   | Reached ***** piety under Hepliaklqana
 12966 | Lair:2   | Reached skill level 5 in Spellcasting
 13163 | Lair:2   | Found a staircase to the Shoals.
 13918 | Lair:2   | Learned a level 3 spell: Tukima's Dance
 14196 | Lair:3   | Reached XP level 13. HP: 70/70 MP: 22/23
 14315 | Lair:3   | Found a hole to the Spider Nest.
 14981 | Lair:3   | Noticed a five-headed hydra
 14987 | Lair:3   | Killed a five-headed hydra
 14993 | Lair:3   | Noticed a four-headed hydra
 15000 | Lair:3   | Killed a four-headed hydra
 15567 | Lair:4   | Reached skill level 1 in Armour
 15826 | Lair:4   | Noticed a five-headed hydra
 15832 | Lair:4   | Killed a five-headed hydra
 15833 | Lair:4   | Reached skill level 5 in Armour
 16010 | Lair:4   | Found a viscous altar of Jiyva.
 16011 | Lair:4   | Found a staircase to the Slime Pits.
 16127 | Lair:4   | Found a hide-covered altar of Uskayaw.
 16204 | Lair:4   | Noticed a six-headed hydra
 16209 | Lair:4   | Killed a six-headed hydra
 16489 | Lair:4   | Reached XP level 14. HP: 75/75 MP: 21/26
 16897 | Lair:5   | Entered Level 5 of the Lair of Beasts
 17272 | Lair:4   | Reached skill level 10 in Armour
 17581 | Lair:5   | Reached skill level 10 in Fighting
 17739 | Lair:5   | Identified a scroll of acquirement
 17740 | Lair:5   | Acquired the ring "Guanwism" {rF+ EV+5 Dex-5 Slay+2 SInv}
 17980 | Lair:5   | Identified the +0 chain mail of Qazlal {Str+3 Int+3}
 18156 | Lair:5   | Noticed a dire elephant
 18324 | Lair:5   | Got Kikubaaqudgh's Compilation of the Mortuary
 18401 | Lair:5   | Noticed a dire elephant
 18417 | Lair:5   | Killed a dire elephant
 18436 | Lair:5   | Killed a dire elephant
 19109 | Lair:5   | Noticed a dire elephant
 19122 | Lair:5   | Killed a dire elephant
 19515 | Lair:5   | Reached XP level 15. HP: 86/86 MP: 22/27
 19807 | Orc:1    | Entered Level 1 of the Orcish Mines
 19815 | D:9      | Acquired 1208 gold pieces
 19817 | D:9      | Acquired the +1 pair of boots of the Blizzard {Fly Dex+3}
 19829 | D:9      | Acquired the +6 sling of Ascent {heavy, rElec Dex+3 SInv}
 19958 | Orc:1    | Noticed Jorgrun
 19965 | Orc:1    | Killed Jorgrun
 20271 | Orc:2    | Entered Level 2 of the Orcish Mines
 20271 | Orc:2    | Found a bloodstained altar of Trog.
 20305 | Orc:2    | Noticed an orc warlord
 20308 | Orc:2    | Noticed Nergalle
 20318 | Orc:2    | Killed Nergalle
 20320 | Orc:2    | Killed an orc warlord
 20367 | Orc:2    | Found a dark tunnel.
 20373 | Volcano  | Entered a volcano
 20591 | Volcano  | Reached skill level 1 in Shields
 21150 | Orc:2    | Found Mocymuof's Antique Weapon Boutique.
 21170 | Orc:2    | Found Gejenofe's General Store.
 21208 | Orc:2    | Found a staircase to the Elven Halls.
 21470 | Orc:2    | Found Denkiq's Book Boutique.
 21522 | Orc:2    | Found Funao's Antique Armour Boutique.
 21527 | Orc:2    | Bought a bloodstained chain mail for 247 gold pieces
 21527 | Orc:2    | Identified the +4 chain mail "Okeneax" {rPois Regen+} (You
                  | bought it in a shop on level 2 of the Orcish Mines)
 21527 | Orc:2    | Bought a distressingly furry robe for 148 gold pieces
 21527 | Orc:2    | Identified the +1 robe of Trial and Error {Harm Int+3
                  | Stlth-} (You bought it in a shop on level 2 of the Orcish
                  | Mines)
 22288 | Orc:1    | Noticed Maurice
 22295 | Orc:1    | Killed Maurice
 22715 | Shoals:1 | Entered Level 1 of the Shoals
 22858 | Shoals:1 | Reached skill level 5 in Shields
 23702 | Shoals:1 | Killed from afar by a water nymph

Illustrated notes

Levels and vault maps discovered:
D:1:      dpeg_arrival_ternary, layout_loops_ring,
          shapermc_ecumenical_altar_petra, serial_bayou_pond_e,
          minmay_misc_feat_tiny
D:2:      layout_basic, minmay_ruptured, uniq_jessica
D:3:      layout_basic, nicolae_overflow_ecumenical_swirl, uniq_grinder
D:4:      layout_loops_ring, zin_angel, gammafunk_ghost_grave, uniq_duvessa,
          uniq_robin
D:5:      layout_loops_cross, mainiacjoe_overflow_alcove_1,
          minmay_temple_entry_ruins, ebering_ghost_sewer_d,
          hangedman_decor_diamond_cutter, nicolae_shop_overcharged_wands,
          uniq_menkaure
D:6:      layout_basic, jmf_multi_god_temple, minmay_joined_circles
D:7:      layout_layer_cave, minmay_fractal_squares_gapless_5
D:8:      layout_basic, mainiacjoe_overflow_tiny_flanked, dpeg_oklobed_lair,
          serial_shops, nicolae_shop_temple_entry_statues_fountains
D:9:      layout_rooms, david_orc_3, enter_bailey_3
D:10:     layout_loops_corners, minivault_22, laboratory
Temple:   minmay_temple_bridge_d
Lair:1:   layout_misc_corridors, uniq_gastronok
Lair:2:   layout_layer_cave, elwin_shoals_entry_rooms,
          grunt_forest_large_clearing_hut, lemuel_fruit_fields
Lair:3:   nzn_winding_woodlands_small [nzn_winding_woodlands_5x15_eye,
          nzn_winding_woodlands_center_lodge,
          nzn_winding_woodlands_5x15_crooked], layout_loops_ring,
          hellmonk_spider_entry_life_and_decay, nicolae_quartered_pool_super,
          kennysheep_basilisk_garden
Lair:4:   lemuel_reptile_caves, layout_loops_ring, slime_entry_1, basic_altar,
          grunt_megastairs_4
Lair:5:   due_jungle_book, layout_concentric_octagons, grunt_megastairs_5
Shoals:1: layout_shoals, nicolae_shoals_shepherds
Orc:1:    layout_caves, nicolae_orc_flooded_monolith, uniq_jorgrun, uniq_maurice
Orc:2:    grunt_orc_cross, layout_caves, nicolae_volcano_entry_two_sided,
          hangedman_feature_mirror

Skill      XL: |  1  2  3  4  5  6  7  8  9 10 11 12 13 14 15 |
---------------+----------------------------------------------+-----
Fighting       | 3 4 5 7 8 12 | 12.0
Ranged Weapons | 8 10 12 14 15 18 | 18.0
Dodging        | 4 6 10 11 14 | 14.0
Spellcasting   | 2 6 8 |  8.0
Hexes          | 3 6 8 |  8.0
Translocations | 3 6 8 |  8.0
Armour         | 7 10 | 10.0
Shields        | 6 |  6.3
Stealth        | |  1.3

Action                     |  1- 3 |  4- 6 |  7- 9 | 10-12 | 13-15 || total
---------------------------+-------+-------+-------+-------+-------++-------
   Fire: Shortbow          |    48 |   110 |   288 |   586 |   594 ||  1626
         Sling             |       |       |       |       |   295 ||   295
   Cast: Portal Projectile |       |       |       |     8 |    40 ||    48
 Invoke: Ancestor Life: Kn |       |       |       |     1 |       ||     1
         Recall Ancestor   |       |       |       |     1 |     1 ||     2
         Transference      |       |       |       |       |     2 ||     2
         Idealise          |       |       |       |       |     3 ||     3
  Evoke: Lightning rod     |       |       |       |     1 |       ||     1
    Use: Scroll            |     5 |     4 |    10 |     9 |    11 ||    39
         Potion            |       |       |     5 |     1 |       ||     6
 Armour: Leather armour    |     9 |    10 |     3 |       |       ||    22
         Skin              |       |       |    12 |       |       ||    12
         Robe              |       |       |    19 |    26 |    46 ||    91
  Dodge: Dodged            |    37 |    42 |   100 |   180 |   368 ||   727
  Block: Kite shield       |       |       |       |       |   122 ||   122

Table legend: (Time is in decaauts)
 A = Elapsed time spent in this place.
 B = Non-inter-level travel time spent in this place.
 C = Inter-level travel time spent in this place.
 D = Time resting spent in this place.
 E = Time spent auto-exploring this place.
 F = Levels seen in this place.
 G = Mean time per level.
                   A        B        C        D        E       F      G
               +--------+--------+--------+--------+--------+-----+--------+
         Total |  23591 |  22487 |   1104 |   4123 |  15198 |  21 | 1123.4 |
       Dungeon |  11490 |  10856 |    634 |   2425 |   7110 |  10 | 1149.0 |
        Temple |    175 |     96 |     79 |      0 |     89 |   1 |  175.0 |
          Lair |   7558 |   7255 |    303 |   1121 |   5207 |   5 | 1511.6 |
        Shoals |   1004 |   1004 |      0 |      0 |    900 |   1 | 1004.0 |
  Orcish Mines |   2146 |   2061 |     85 |    281 |   1383 |   2 | 1073.0 |
        Bailey |    833 |    833 |      0 |    205 |    363 |   1 |  833.0 |
       Volcano |    383 |    383 |      0 |     91 |    145 |   1 |  383.0 |
               +--------+--------+--------+--------+--------+-----+--------+

Top non-repeatable levels by time:
  Lair:5: 2201 daAuts
  Lair:4: 1866 daAuts
     D:2: 1501 daAuts
  Lair:3: 1465 daAuts
     D:7: 1460 daAuts
     D:5: 1414 daAuts
  Lair:2: 1342 daAuts
     D:4: 1328 daAuts
   Orc:2: 1257 daAuts
     D:8: 1176 daAuts
     D:9: 1121 daAuts
     D:6: 1117 daAuts
Shoals:1: 1004 daAuts
     D:3: 892 daAuts
   Orc:1: 889 daAuts
